 Dungeon Crawl Stone Soup version 0.23-a0-368-g82e90586b2 (webtiles) character file.

10 Banto the Covered (level 2, -4/22 HPs)
             Began as a Demonspawn Wanderer on Oct 24, 2018.
             Slain by a kobold
             ... wielding a +0 dagger
              (6 damage)
             ... on level 1 of the Dungeon.
             The game lasted 00:00:42 (179 turns).

Banto the Covered (Demonspawn Wanderer)              Turns: 179, Time: 00:00:43

Health: -4/22      AC:  2    Str: 12    XL:     2   Next: 10%
Magic:  3/3        EV: 11    Int: 13    God:
Gold:   0          SH:  0    Dex: 12    Spells: 3/3 levels left

rFire    . . .     SeeInvis .   e - +0 club
rCold    . . .     Gourm    .   (no shield)
rNeg     . . .     Faith    .   d - +0 robe
rPois    .         Spirit   .   (no helmet)
rElec    .         Reflect  .   (no cloak)
rCorr    .         Harm     .   (no gloves)
MR       .....                  (no boots)
Stlth    +.........             (no amulet)
HPRegen  0.07/turn              (no ring)
MPRegen  0.08/turn              (no ring)

@: no status effects
A: talons 1
a: no special abilities


You were on level 1 of the Dungeon.
You were not hungry.

You visited 1 branch of the dungeon, and saw 1 of its levels.

Inventory:

Hand Weapons
 e - a +0 club (weapon)
Armour
 d - a +0 robe (worn)
Scrolls
 a - a scroll of immolation {unknown}
Potions
 b - 2 potions of curing
 c - a potion of lignification
Comestibles
 f - 2 rations


   Skills:
 + Level 2.2 Fighting
   Level 1.0 Crossbows
 - Level 1.0 Throwing
 - Level 2.6 Armour
 - Level 1.0 Spellcasting
   Level 1.7 Charms
   Level 1.0 Evocations


You had 3 spell levels left.
You didn't know any spells.
Your spell library contained the following spells:

 Spells                   Type           Power        Failure   Level  Hunger
 Infusion                 Chrm           #...         14%         1    ##.....
 Song of Slaying          Chrm           #.......     21%         2    ###....
 Shroud of Golubria       Chrm/Tloc      #.........   30%         2    ###....
 Regeneration             Chrm/Necr      #.........   52%         3    ####...
 Spectral Weapon          Hex/Chrm       #.......     52%         3    ####...


Dungeon Overview and Level Annotations

Branches:
Dungeon (1/15)

Altars:


Innate Abilities, Weirdness & Mutations

You have sharp toenails.


Message History

The jackal is moderately wounded.
The jackal closely misses you.
The jackal bites you but does no damage.
You hit the jackal but do no damage. You claw the jackal.
You kill the jackal!
The kobold barely misses you.
You hit the kobold. Your kick misses the kobold.
The kobold is severely wounded.
The kobold hits you with a +0 dagger.
* * * LOW HITPOINT WARNING * * *
You take 2 damage, and have 3/22 hp.
You closely miss the kobold.
The kobold is severely wounded.
The kobold misses you.
You barely miss the kobold. You claw the kobold, but do no damage.
The kobold is severely wounded.
The kobold hits you with a +0 dagger.
* * * LOW HITPOINT WARNING * * *
The kobold hits you with a +0 dagger.
You die...

..≈#.#)#.#.....##
..≈.##.#.#...### .
..≈#...#.#.....# .#
≈≈≈.#......#.#..## .#
.#.#........#.#..##.
#..
#.#.#.......##.#..##
..#
#.#........###....##
.... #
#.......##.###..#..#.#
........#...@.#.#.....
.........####K#..K....
.........# #†#.......
.........# #.........
.........# ###.......
###.##.#.# ##..... #.
#.#.# .... . ....# ###
##.###


You could see a kobold.

Vanquished Creatures
  A dart slug (D:1)
  A goblin (D:1)
  4 jackals (D:1)
  A rat (D:1)
7 creatures vanquished.

Notes
Turn   | Place    | Note
-------+----------+-------------------------------------------
     0 | D:1      | Banto the Demonspawn Wanderer began the quest for the Orb.
     0 | D:1      | Banto set off with: a potion of curing, a potion of
                  | lignification, a +0 robe, a +0 club, a ration
     0 | D:1      | Reached XP level 1. HP: 15/15 MP: 2/2
   169 | D:1      | Gained mutation: You have sharp toenails. [demonic
                  | ancestry]
   169 | D:1      | Reached XP level 2. HP: 13/22 MP: 3/3
   179 | D:1      | Slain by a kobold

Vault maps used:
D:1:      ncdulo_watergridlock, tso_metal_star

Skill      XL: |  1 |
---------------+----+-----
Fighting       | 2 |  2.2
Crossbows      | |  1.0
Throwing       | |  1.0
Armour         | |  2.6
Spellcasting   | |  1.0
Charms         | |  1.7
Evocations     | |  1.0

Action                   || total
-------------------------++-------
Melee: Club              ||    35
       Kick              ||     2
Armor: Robe              ||     5
Dodge: Dodged            ||    31

Table legend:
 A = Non-vault XP
 B = Vault XP
 C = Vault XP percentage of total XP
 D = Non-vault monster count
 E = Vault monster count
 F = Vault count percentage of total count
                 A         B        C        D         E       F
            +---------+---------+-------+---------+---------+-------
      Total |      15 |       0 |   0.0 |       7 |       0 |   0.0
            +---------+---------+-------+---------+---------+-------
        D:1 |      15 |       0 |   0.0 |       7 |       0 |   0.0
            +---------+---------+-------+---------+---------+-------

Table legend:
 A = Turns spent in this place as a percentage of turns spent in the entire game.
 B = Non-inter-level travel turns spent in this place as a percentage of non-inter-level travel turns spent in the entire game.
 C = Inter-level travel turns spent in this place as a percentage of turns spent in this place.
 D = Turns resting spent in this place as a percentage of non-inter-level travel turns spent in this place.
 E = Turns spent auto-exploring this place as a percentage of non-inter-level travel turns spent in this place.
 F = Non-inter-level travel turns spent in this place divided by the number of levels of this place that you've seen.
                   A       B       C       D       E      F
               +-------+-------+-------+-------+-------+----------------------
         Total | 100.0 | 100.0 |   0.0 |  52.5 |  16.8 | 179.0
       Dungeon | 100.0 | 100.0 |   0.0 |  52.5 |  16.8 | 179.0
               +-------+-------+-------+-------+-------+----------------------

Table legend:
 A = Kills in this place as a percentage of kills in entire the game.
 B = Kills by you in this place as a percentage of kills by you in the entire game.
 C = Kills by friends in this place as a percentage of kills by friends in the entire game.
 D = Other kills in this place as a percentage of other kills in the entire game.
 E = Experience gained in this place as a percentage of experience gained in the entire game.
 F = Experience gained in this place divided by the number of levels of this place that you have seen.
                   A       B       C       D       E      F
               +-------+-------+-------+-------+-------+----------------------
         Total | 100.0 | 100.0 |   N/A |   N/A | 100.0 |  15.0
       Dungeon | 100.0 | 100.0 |   N/A |   N/A | 100.0 |  15.0
               +-------+-------+-------+-------+-------+----------------------
